 Dungeon Crawl Stone Soup version 0.19.0-16-g73b5abf (webtiles) character file.

461 RKaid the Cudgeler (level 7, 0/41 HPs)
             Began as a Gargoyle Fighter on Nov 10, 2016.
             Killed by divine providence
             ... invoked by an orc priest
              (10 damage)
             ... on level 4 of the Dungeon.
             The game lasted 00:03:44 (2947 turns).

RKaid the Cudgeler (Gargoyle Fighter)               Turns: 2947, Time: 00:03:45

Health: 0/41       AC: 11    Str: 20    XL:     7   Next: 7%
Magic:  7/7        EV:  7    Int:  9    God:
Gold:   137        SH:  9    Dex: 10    Spells: 0 memorised, 6 levels left

rFire  . . .     SeeInvis .     a - +0 flail
rCold  . . .     Gourm    .     b - +0 scale mail
rNeg   + . .     Faith    .     c - +0 shield
rPois  ∞         Spirit   .     (no helmet)
rElec  +         Reflect  .     (no cloak)
rCorr  .         Harm     .     (no gloves)
MR     .....                    (no boots)
Stlth  ..........               (no amulet)
                                (no ring)
                                (no ring)

@: no status effects
A: negative energy resistance 1, electricity resistance, unbreathing,
petrification resistance, rot immunity, AC +4
a: no special abilities


You were on level 4 of the Dungeon.
You were hungry.

You visited 1 branch of the dungeon, and saw 4 of its levels.

You collected 137 gold pieces.

Inventory:

Hand Weapons
 a - a +0 flail (weapon)
Armour
 b - a +0 scale mail (worn)
 c - a +0 shield (worn)
Scrolls
 n - 2 scrolls of blinking {unknown}
 p - a scroll of fear {unknown}
 r - a scroll of enchant armour {unknown}
 s - a scroll of remove curse {unknown}
Potions
 d - a potion of might
 e - a potion of haste {unknown}
 g - a potion of cure mutation {unknown}
 i - a potion of cancellation {unknown}
 j - a potion of berserk rage {unknown}
 l - 2 potions of agility {unknown}
 m - a potion of brilliance {unknown}
 o - a potion of curing
Comestibles
 f - 3 bread rations
 h - a royal jelly
 q - 2 meat rations


   Skills:
 - Level 3.2 Fighting
 + Level 7.4 Maces & Flails
 - Level 3.2 Armour
 - Level 3.2 Shields


You had 6 spell levels left.
You didn't know any spells.

Dungeon Overview and Level Annotations

Branches:
Dungeon (4/15)
 Temple: D:4-7

Altars:


Innate Abilities, Weirdness & Mutations

You are resistant to torment.
Your stone body is resilient. (AC +4)
You are immune to poison.
You resist negative energy. (rN+)
You are resistant to electric shocks. (rElec)
You can survive without breathing.
You are immune to petrification.
You are immune to rotting.


Message History

You feel yourself speed up.
You start resting.
All of the chunks of flesh in your inventory have rotted away.
An orc priest comes into view. It is wielding a hand axe.
The orc priest shouts!
The orc priest barely misses you.
You sock the orc priest!
You kill the orc priest!
You hear a shout! x3
An orc wizard comes into view. It is wielding a dagger.
You see here a hand axe.
You closely miss the orc wizard.
The orc wizard hits you but does no damage.
You closely miss the orc wizard.
The orc wizard hits you but does no damage.
An orc priest comes into view. It is wielding a whip.
You barely miss the orc wizard.
The orc wizard hits you but does no damage.
You sock the orc wizard!
The orc wizard hits you but does no damage.
The orc wizard casts a spell at you. The magic dart hits you!
An orc comes into view. It is wielding a falchion.
You hit the orc wizard but do no damage.
The orc wizard hits you but does no damage.
You closely miss the orc wizard. The orc wizard casts a spell at you.
The puff of flame hits you!
You sock the orc wizard!
You kill the orc wizard!
Your shield prevents you from hitting the orc.
The orc hits you but does no damage.
A hound comes into view.
You closely miss the orc.
The hound barks!
The orc hits you with a falchion.
The orc priest looks encouraged for a moment.
The orc hits you with a falchion.
You barely miss the orc. You block the orc's attack.
You thump the orc!
You kill the orc!
You block the hound's attack.
Your shield prevents you from hitting the hound.
The hound bites you but does no damage.
You hit the hound but do no damage. The hound bites you but does no damage.
The orc priest mumbles some strange prayers to Beogh against you.
Beogh smites you!
* * * LOW HITPOINT WARNING * * *
You block the hound's attack.
You barely miss the hound. You block the hound's attack. x2
You closely miss the hound. You block the hound's attack.
You closely miss the hound.
The hound bites you but does no damage. x2
You closely miss the hound. You block the hound's attack. x2
You hit the hound. The hound bites you but does no damage.
You closely miss the hound. You block the hound's attack.
The hound closely misses you.
You hit the hound. The hound closely misses you.
The hound bites you but does no damage.
You closely miss the hound.
The hound bites you but does no damage. x2
You miss the hound. You block the hound's attack.
You thump the hound! The hound bites you but does no damage.
The hound closely misses you.
You miss the hound.
The hound bites you but does no damage. x2
You miss the hound. You block the hound's attack. x2
You barely miss the hound. You block the hound's attack.
You hit the hound but do no damage. The hound bites you but does no damage.
You block the hound's attack.
You barely miss the hound. You block the hound's attack. x2
You sock the hound!
You kill the hound!
You have reached level 7!
You closely miss the orc priest. You block the orc priest's attack.
You hit the orc priest but do no damage.
The orc priest hits you but does no damage.
You barely miss the orc priest.
The orc priest hits you but does no damage.
You are feeling hungry.
You closely miss the orc priest.
The orc priest hits you but does no damage.
You hit the orc priest but do no damage.
The orc priest mumbles some strange prayers to Beogh against you.
Beogh smites you!
* * * LOW HITPOINT WARNING * * *
The orc priest barely misses you.
You closely miss the orc priest. You block the orc priest's attack.
You closely miss the orc priest. The orc priest closely misses you.
You closely miss the orc priest.
The orc priest hits you but does no damage.
You hit the orc priest.
The orc priest invokes the aid of Beogh against you.
Pain shoots through your body!
* * * LOW HITPOINT WARNING * * *
You hit the orc priest but do no damage.
You block the orc priest's attack.
You closely miss the orc priest.
The orc priest miscasts a cantrip.
You feel better.
The orc priest mumbles some strange prayers to Beogh against you.
Beogh smites you!
You die...

#### ..# #o# #@#
#.# #.#
################.#
.................#
################.#
#.# #.# #.#


You could see an orc priest.

Vanquished Creatures
  The ghost of Braschwitzo the Gusty, an amateur TeAE (D:3)
  A hound (D:4)
  2 orc priests
  2 orc wizards
  Natasha (twice) (D:4)
  A worker ant (D:3)
  3 adders
  4 worms (D:2)
  2 dart slugs
  2 leopard geckos (D:1)
  5 orcs
  4 ball pythons
  4 giant cockroaches
  5 goblins
  8 hobgoblins
  19 jackals
  3 quokkas
  7 bats
  6 frilled lizards
  2 kobolds
  8 rats
91 creatures vanquished.

Notes
Turn   | Place    | Note
-------+----------+-------------------------------------------
     0 | D:1      | RKaid the Gargoyle Fighter began the quest for the Orb.
     0 | D:1      | Reached XP level 1. HP: 14/14 MP: 1/1
    85 | D:1      | Reached XP level 2. HP: 19/19 MP: 2/2
   208 | D:1      | Reached skill level 3 in Maces & Flails
   659 | D:1      | Reached XP level 3. HP: 23/23 MP: 3/3
  1212 | D:2      | Reached skill level 4 in Maces & Flails
  1224 | D:2      | Reached XP level 4. HP: 24/28 MP: 4/4
  1695 | D:3      | Noticed Braschwitzo's ghost (amateur TeAE)
  1721 | D:3      | Killed Braschwitzo's ghost
  1721 | D:3      | Reached skill level 5 in Maces & Flails
  1721 | D:3      | Reached XP level 5. HP: 27/32 MP: 5/5
  1890 | D:3      | Reached skill level 6 in Maces & Flails
  1978 | D:3      | Reached XP level 6. HP: 34/37 MP: 6/6
  2685 | D:4      | Noticed Natasha
  2697 | D:4      | Killed Natasha
  2870 | D:4      | Noticed Natasha
  2880 | D:4      | Killed Natasha
  2880 | D:4      | Reached skill level 7 in Maces & Flails
  2935 | D:4      | Reached XP level 7. HP: 15/41 MP: 7/7
  2940 | D:4      | HP: 2/41 [orc priest/divine providence (13)]
  2947 | D:4      | Killed from afar by an orc priest

Skill      XL: |  1  2  3  4  5  6 |
---------------+-------------------+-----
Maces & Flails | 3 4 5 6 7 |  7.4
Fighting       | |  3.2
Armour         | |  3.2
Shields        | |  3.2

Action                   |  1- 3 |  4- 6 |  7- 9 || total
-------------------------+-------+-------+-------++-------
Melee: Flail             |   134 |   282 |    11 ||   427
  Use: Potion            |       |       |     1 ||     1
  Eat: Chunk             |     1 |     6 |       ||     7
Armor: Scale mail        |    74 |   212 |     4 ||   290
Dodge: Dodged            |    47 |   106 |     2 ||   155
Block: Shield            |    82 |   191 |     3 ||   276

Vault maps used:
D:1:      lemuel_arrival_muddy, serial_forest, infiniplex_forest_lined_ring,
          infiniplex_forest_straight_2, infiniplex_forest_clump_medium,
          infiniplex_forest_lined_1, infiniplex_forest_side_room,
          infiniplex_forest_end_1, infiniplex_forest_3_way,
          infiniplex_forest_lined_2, infiniplex_forest_fountain,
          infiniplex_forest_lined_1
D:3:      first_bread
D:4:      serial_shops, shop, minmay_misc_feat_enclosed, grunt_gozag_statues,
          uniq_crazy_yiuf_cottage, uniq_natasha

Table legend:
 A = Turns spent in this place as a percentage of turns spent in the entire game.
 B = Non-inter-level travel turns spent in this place as a percentage of non-inter-level travel turns spent in the entire game.
 C = Inter-level travel turns spent in this place as a percentage of turns spent in this place.
 D = Turns resting spent in this place as a percentage of non-inter-level travel turns spent in this place.
 E = Turns spent auto-exploring this place as a percentage of non-inter-level travel turns spent in this place.
 F = Non-inter-level travel turns spent in this place divided by the number of levels of this place that you've seen.
                   A       B       C       D       E      F
               +-------+-------+-------+-------+-------+----------------------
         Total | 100.0 | 100.0 |   0.3 |   1.4 |   7.9 | 277.0
       Dungeon | 100.0 | 100.0 |   0.3 |   1.4 |   7.9 | 277.0
               +-------+-------+-------+-------+-------+----------------------

Table legend:
 A = Kills in this place as a percentage of kills in entire the game.
 B = Kills by you in this place as a percentage of kills by you in the entire game.
 C = Kills by friends in this place as a percentage of kills by friends in the entire game.
 D = Other kills in this place as a percentage of other kills in the entire game.
 E = Experience gained in this place as a percentage of experience gained in the entire game.
 F = Experience gained in this place divided by the number of levels of this place that you have seen.
                   A       B       C       D       E      F
               +-------+-------+-------+-------+-------+----------------------
         Total | 100.0 | 100.0 |  -nan |  -nan | 100.0 | 164.8
       Dungeon | 100.0 | 100.0 |  -nan |  -nan | 100.0 | 164.8
               +-------+-------+-------+-------+-------+----------------------
